 Seeded DCSS version 0.30.1-4-g462c640d31 (webtiles) character file.

Game seed: 6351066067085065685 (custom seed)

834 Esekla the Grave Robber (level 7, -5/36 HPs)
             Began as a Deep Elf Necromancer on Aug 13, 2023.
             Was a Believer of Vehumet.
             Slain by an ice beast (13 damage)
             ... on level 5 of the Dungeon.
             The game lasted 00:19:40 (4150 turns).

Esekla the Grave Robber (Deep Elf Necromancer)      Turns: 4150, Time: 00:19:41

Health: -5/36      AC:  4    Str:  5    XL:     7   Next: 66%
Magic:  15/18      EV: 14    Int: 22    God:    Vehumet [**....]
Gold:   295        SH:  0    Dex: 18    Spells: 9/18 levels left

rFire   . . .        a - +5 rapier of the Hero {heavy, rN+ Dex+3}
rCold   . . .        (no shield)
rNeg    + . .        n - +0 robe
rPois   .            i - +0 helmet
rElec   .            (no cloak)
rCorr   .            k - +0 pair of gloves
SInv    .            (no boots)
Will    .....        B - amulet of magic regeneration
Stlth   +++          (no ring)
HPRegen 0.26/turn    (no ring)
MPRegen 0.56/turn

%: no passive effects
@: no status effects
A: no striking features
a: Renounce Religion


You were on level 5 of the Dungeon.
You worshipped Vehumet.
Vehumet was pleased with you.
You visited 1 branch of the dungeon, and saw 6 of its levels.

You collected 295 gold pieces.

Inventory:

Hand Weapons
 a - the +5 rapier of the Hero (weapon) {heavy, rN+ Dex+3}
   (You found it on level 3 of the Dungeon)

   Dex:       It affects your dexterity (+3).
   rN:        It protects you from negative energy.
 r - a +0 trident
Missiles
 s - 8 poisoned darts (quivered)
 x - a throwing net
Armour
 i - a +0 helmet (worn)
 k - a +0 pair of gloves (worn)
 n - a +0 robe (worn)
Jewellery
 B - an amulet of magic regeneration (around neck)
Wands
 c - a wand of roots (16)
 D - a wand of flame (15)
Scrolls
 e - 3 scrolls of fear {unknown}
 g - 5 scrolls of identify {unknown}
 m - a scroll of immolation {unknown}
 o - a scroll of blinking {unknown}
 p - a scroll of enchant armour {unknown}
 q - 2 scrolls of amnesia {unknown}
 u - 2 scrolls of fog {unknown}
 w - 3 scrolls of enchant weapon {unknown}
 y - a scroll of silence {unknown}
 z - a scroll of summoning {unknown}
 A - a scroll of magic mapping {unknown}
Potions
 b - a potion of magic
 d - 2 potions of ambrosia {unknown}
 f - a potion of haste {unknown}
 h - a potion of mutation {unknown}
 j - 6 potions of curing {unknown}
 l - 2 potions of attraction {unknown}
 t - a potion of heal wounds {unknown}
 v - 3 potions of brilliance {unknown}
 C - a potion of lignification {unknown}


   Skills:
 + Level 2.7 Short Blades
 + Level 1.3 Throwing
 * Level 4.7 Dodging
 + Level 4.7 Stealth
 * Level 6.3 Spellcasting
 * Level 2.2 Conjurations
 + Level 6.5 Necromancy
 * Level 1.6 Translocations


You had 9 spell levels left.
You knew the following spells:

 Your Spells              Type           Power      Damage    Failure   Level
a - Necrotise             Necr           100%       1d9       1%          1
b - Magic Dart            Conj           64%        1d6       3%          1
c - Sandblast             Erth           12%        2d6       9%          1
d - Vampiric Draining     Necr           35%        2d8       1%          3
t - Teleport Other        Tloc           14%        N/A       14%         3

Your spell library contained the following spells:

 Spells                   Type           Power      Damage    Failure   Level
 Animate Dead             Necr           35%        N/A       6%          4
 Lesser Beckoning         Tloc           28%        N/A       7%          2
 Gell's Gravitas          Tloc           14%        N/A       14%         3
 Agony                    Necr           35%        N/A       17%         5
 Spider Form              Tmut/Pois      6%         N/A       26%         3
 Cause Fear               Hex            3%         N/A       65%         4
 Summon Mana Viper        Hex/Summ       6%         N/A       94%         5


Dungeon Overview and Level Annotations

Branches:
Dungeon (6/15)
 Temple: D:4-7

Altars:
Dithmenos
Hepliaklqana
Okawaru
Qazlal
Trog
Vehumet
Zin
The Shining One

Shops:
D:2 =   D:4 (

Annotations:
D:6 Blork the orc, Pikel


Message History

Press: ? - help, Shift-Dir - straight line, f/p - lemure
Aim: a lemure (chance to affect: 53%)
The lemure resists with significant effort.
You hit the lemure.
The lemure is lightly wounded.
The lemure barely misses you. The lemure completely misses you.
You impale the lemure!!
The lemure is almost dead.
The lemure barely misses you.
Pikel, Merchant of Souls comes into view.
He is wielding a +1 whip of flaming and carrying a wand of roots (7).
The lemure misses you.
Pikel shouts!
You impale the lemure!!
You kill the lemure!
That felt strangely unrewarding.
A lemure comes into view.
An ice beast comes into view.
There is a stone staircase leading up here.
The ice beast closely misses you.
You climb upwards.
There is a stone staircase leading down, spattered with blood here.
You puncture the ice beast!
The ice beast is moderately wounded.
The ice beast hits you. The ice beast freezes you. The ice beast hits you.
The ice beast freezes you!
You hit the ice beast.
The ice beast is heavily wounded.
The ice beast hits you. The ice beast freezes you!
* * * LOW HITPOINT WARNING * * *
The ice beast barely misses you.
Casting: Teleport Other (quite dangerous; 14% risk of failure)
Confirm with . or Enter, or press ? or * to list all spells.
Aiming: Vampiric Draining (safe; 1% risk of failure)
Press: ? - help, Shift-Dir - straight line, f - ice beast
Aim: an ice beast (heavily wounded)
You draw life force from the ice beast.
You feel life coursing into your body. The ice beast hits you.
* * * LOW HITPOINT WARNING * * *
The ice beast freezes you!
You die...

####.....###..........#####.#.#
.....###...#.#.######.# #.#.#
##########...#...# #.# #.#.#
#.........#####.####.# #.#.##
#.#######...#......#.# #.†..#
#.# ##..#..###.#.# ##...# ##.#
##.....# #...######...# ...#
##.....Y###............# ####
###....#..@...#.######.#)#
#.........[..##.# #.#.#
#######.#....#.###.##.# #.#.#
..)...#.##.....# #.##.# #.#.#
#####.#.##.#.#.###.##.# #...#
#.#.##.#..#...)...######...#
#.#.##...###...............#
#.#.###.## ##..#####.####.##
#.#.# ##.###.#.# #.# #.#


You could see an ice beast.

Vanquished Creatures
  A black bear (D:2)
  An ogre (D:5)
  A lemure (D:6)
  2 scorpions (D:5)
  A gnoll bouda (D:4)
  4 hounds
  A sleepcap (D:5)
  4 iguanas
  11 gnolls
  7 adders
  2 white imps
  A worm (D:4)
  3 dart slugs
  11 orcs
  6 ball pythons
  4 endoplasms
  8 goblins
  5 hobgoblins
  A quokka (D:1)
  4 bats
  4 frilled lizards
  5 kobolds
  A rat (D:2)
88 creatures vanquished.

Notes
Turn   | Place    | Note
-------+----------+-------------------------------------------
     0 | D:1      | Esekla the Deep Elf Necromancer began the quest for the
                  | Orb.
     0 | D:1      | Reached XP level 1. HP: 10/10 MP: 6/6
   359 | D:4      | Found an iron altar of Okawaru.
   421 | D:4      | Found a glowing silver altar of Zin.
   439 | D:4      | Found a radiant altar of Vehumet.
   443 | D:4      | Became a worshipper of Vehumet
   489 | D:4      | Reached skill level 5 in Necromancy
   515 | D:4      | Found a glowing golden altar of the Shining One.
   671 | D:3      | Identified the +5 rapier of the Hero {heavy, rN+ Dex+3}
   686 | D:2      | Found Renulab's Jewellery Shop.
   692 | D:2      | Reached XP level 2. HP: 15/15 MP: 8/8
  1130 | D:3      | Reached XP level 3. HP: 11/19 MP: 9/9
  1134 | D:3      | Learned a level 3 spell: Vampiric Draining
  1380 | D:3      | Found a stormy altar of Qazlal.
  1383 | D:3      | Found a hazy altar of Hepliaklqana.
  1383 | D:3      | Found a bloodstained altar of Trog.
  1395 | D:3      | Reached XP level 4. HP: 23/24 MP: 11/11
  1704 | D:2      | Found a faded altar of an unknown god.
  1720 | D:2      | Reached skill level 1 in Short Blades
  1746 | D:2      | Noticed a black bear
  1759 | D:2      | Killed a black bear
  1760 | D:2      | Reached XP level 5. HP: 28/28 MP: 5/13
  2034 | D:1      | Reached * piety under Vehumet
  2034 | D:1      | Offered knowledge of Magic Dart by Vehumet.
  2037 | D:1      | Learned a level 1 spell: Magic Dart
  2401 | D:2      | Reached skill level 1 in Conjurations
  2665 | D:4      | Found Ponaysk's Antique Weapon Boutique.
  2724 | D:4      | Reached XP level 6. HP: 23/32 MP: 8/14
  3104 | D:4      | Reached skill level 5 in Spellcasting
  3291 | D:5      | Entered Level 5 of the Dungeon
  3299 | D:5      | Got the Parchment of the Lumpy Olives
  3316 | D:5      | Found a shadowy altar of Dithmenos.
  3439 | D:5      | Offered knowledge of Sandblast by Vehumet.
  3442 | D:5      | Learned a level 1 spell: Sandblast
  3446 | D:5      | Learned a level 3 spell: Teleport Other
  3492 | D:5      | Reached skill level 1 in Throwing
  3498 | D:5      | Reached XP level 7. HP: 35/36 MP: 9/17
  3507 | D:5      | Reached ** piety under Vehumet
  3602 | D:5      | Reached skill level 1 in Translocations
  4086 | D:6      | Noticed Blork the orc
  4129 | D:6      | Noticed Pikel
  4150 | D:5      | Slain by an ice beast

Illustrated notes

Levels and vault maps discovered:
D:1:      sevenhm_arrival_forest_fort_small_3, layout_rooms,
          chequers_serial_rivers_room_b, minmay_misc_feat_five
D:2:      layout_loops_ring, dreamdust_ecumenical_altar_angels_and_demons,
          serial_shops, shop
D:3:      layout_basic, grunt_temple_overflow_open, minmay_misc_feat_iff
D:4:      layout_basic, nicolae_overflow_quartered_altars, serial_shops,
          nicolae_diamond_shop
D:5:      layout_loops_ring, lemuel_doored_altar, minmay_misc_feat_rows,
          dreamdust_wishing_well
D:6:      layout_loops_cross, fedhas_altar_fruit_tree,
          minmay_temple_entry_glass, uniq_pikel, uniq_blork_the_orc

Skill      XL: |  1  2  3  4  5  6  7 |
---------------+----------------------+-----
Necromancy     | 5 6 |  6.5
Dodging        | 3 4 |  4.7
Stealth        | 3 4 |  4.7
Short Blades   | 1 2 |  2.7
Spellcasting   | 4 5 6 |  6.3
Conjurations   | 1 2 |  2.2
Throwing       | 1 |  1.3
Translocations | 1 |  1.6

Action                     |  1- 3 |  4- 6 |  7- 9 || total
---------------------------+-------+-------+-------++-------
  Melee: Short sword       |    26 |       |       ||    26
         Unarmed           |     9 |       |       ||     9
         Rapier            |    30 |    93 |    32 ||   155
         Punch             |       |     2 |       ||     2
  Throw: Dart              |       |     7 |     2 ||     9
   Cast: Vampiric Draining |       |    24 |     3 ||    27
         Teleport Other    |       |       |     3 ||     3
   Stab: Sleeping          |     4 |     6 |     3 ||    13
 Armour: Robe              |    16 |    25 |     8 ||    49
  Dodge: Dodged            |    43 |   100 |    21 ||   164
